 Dungeon Sprint DCSS version 0.27-a0-1308-gc08437e49b (webtiles) character file.

Game seed: 16851409481012017714

17 Hubris850 the Insei (level 2, -4/21 HPs)
             Began as a Merfolk Transmuter on June 18, 2021.
             Was a Follower of Sif Muna.
             Slain by a wight (12 damage)
             ... in the Dungeon (Sprint VII: "The Pits").
             The game lasted 00:01:31 (391 turns).

Hubris850 the Insei (Merfolk Transmuter)             Turns: 391, Time: 00:01:31

Health: -4/21      AC:  2    Str: 10    XL:     2   Next: 62%
Magic:  5/5        EV: 13    Int: 12    God:    Sif Muna [*.....]
Gold:   0          SH:  0    Dex: 14    Spells: 3/6 levels left

rFire    . . .     SeeInvis .     - Unarmed
rCold    . . .     Faith    .   (no shield)
rNeg     . . .     Spirit   .   a - +0 robe
rPois    .         Reflect  .   (no helmet)
rElec    .         Harm     .   (no cloak)
rCorr    .         Rampage  .   (no gloves)
Will     .....     NoTele   +   (no boots)
Stlth    +.........             (no amulet)
HPRegen  0.07/turn              (no ring)
MPRegen  0.09/turn              (no ring)

@: no status effects
A: (nimble swimmer 2), mertail
a: Renounce Religion, Channel Magic


You were in the Dungeon.
You worshipped Sif Muna.
Sif Muna was aware of your devotion.
You visited 1 branch

Inventory:

Armour
 a - a +0 robe (worn)
Scrolls
 g - a scroll of blinking
 i - 5 scrolls of amnesia
 j - a scroll of summoning
Potions
 b - a potion of curing
 c - a potion of heal wounds
 d - a potion of haste
 e - 4 potions of magic
 f - 3 potions of berserk rage
 h - 2 potions of invisibility


   Skills:
 - Level 1.1 Fighting
 - Level 3.2 Dodging
 + Level 5.6 Unarmed Combat
 - Level 2.5 Spellcasting
 - Level 3.4 Transmutations


You had 3 spell levels left.
You knew the following spells:

 Your Spells              Type           Power      Damage    Failure   Level
a - Beastly Appendage     Tmut           18%        N/A       6%          1
b - Wereblood             Tmut           9%         N/A       10%         2

Your spell library contained the following spells:

 Spells                   Type           Power      Damage    Failure   Level
 Spider Form              Tmut/Pois      2%         N/A       36%         3
 Ice Form                 Ice/Tmut       5%         N/A       77%         4


Dungeon Overview and Level Annotations

Branches:
Dungeon (1/1)

Altars:
Ashenzari
Cheibriados
Dithmenos
Elyvilon
Fedhas
Gozag
Hepliaklqana
Kikubaaqudgha
Makhleb
Nemelex Xobeh
Okawaru
Qazlal
Ru
Sif Muna
Trog
Uskayaw
Vehumet
Wu Jian
Xom
Yredelemnul
Zin
The Shining One
Beogh
Jiyva
Lugonu


Innate Abilities, Weirdness & Mutations

((You are quick and stealthy near water. (Stealth+, EV+, Speed+++)))
Your lower body shifts to a powerful aquatic tail in water.


Message History

You kill the ball python!
Sif Muna accepts your kill.
There is an open door here.
You start resting.
HP restored.
You open the door.
A rat comes into view.
You barely miss the rat.
A quokka comes into view.
The rat barely misses you.
You hit the rat.
You kill the rat!
Sif Muna accepts your kill.
You can now call upon Sif Muna for magical energy.
You closely miss the quokka. The quokka barely misses you.
You hit the quokka.
The quokka is severely wounded.
The quokka bites you.
You hit the quokka but do no damage.
The quokka is severely wounded.
The quokka bites you but does no damage.
You hit the quokka.
You kill the quokka!
Sif Muna accepts your kill.
There is an open door here.
Your movement speed is average.
Your attack delay is about 0.8.
Unknown command.
You start resting.
HP restored.
You open the door.
A gnoll and 3 wights come into view.
A wight is wielding a +3 halberd of freezing.
The wight misses you.
There is an open door here.
There is an open door here.
The wight hits you with a +2 halberd!
Ouch! That really hurt!
The wight hits you from afar with a +3 halberd of freezing!
Ouch! That really hurt!
You die...

########### _________.#
_________.#
_______...###########+
##########'##..........
#.?(.')))'.##......#..#
##########.##..........
#.....@.....รท..........
#+#####z#####......#..#
#....z# #..........
#.....# ####'#####+
###z### #.......#
#.....# #.......#
#..z..# #.......#
####'## #...<...# ...
#.......#


You could see 2 wights.

Vanquished Creatures
  A river rat (D)
  An ufetubus (D)
  A quokka (D)
  A ball python (D)
  A rat (D)
5 creatures vanquished.

Notes
Turn   | Place    | Note
-------+----------+-------------------------------------------
     0 | D        | Hubris850 the Merfolk Transmuter began the quest for the
                  | Orb.
     0 | D        | Reached XP level 1. HP: 15/15 MP: 3/3
    15 | D        | Reached skill level 4 in Unarmed Combat
    15 | D        | Reached XP level 2. HP: 9/21 MP: 1/5
    43 | D        | Learned a level 2 spell: Wereblood
   182 | D        | Found a glowing golden altar of the Shining One.
   182 | D        | Found a glowing silver altar of Zin.
   182 | D        | Found a basalt altar of Yredelemnul.
   182 | D        | Found a shimmering altar of Xom.
   182 | D        | Found an ornate altar of the Wu Jian Council.
   182 | D        | Found a bloodstained altar of Trog.
   182 | D        | Found a shimmering blue altar of Sif Muna.
   182 | D        | Found a sacrificial altar of Ru.
   182 | D        | Found a stormy altar of Qazlal.
   182 | D        | Found an iron altar of Okawaru.
   182 | D        | Found a sparkling altar of Nemelex Xobeh.
   182 | D        | Found a burning altar of Makhleb.
   182 | D        | Found a viscous altar of Jiyva.
   182 | D        | Found a hazy altar of Hepliaklqana.
   182 | D        | Found an opulent altar of Gozag.
   182 | D        | Found a blossoming altar of Fedhas.
   182 | D        | Found a white marble altar of Elyvilon.
   182 | D        | Found a shadowy altar of Dithmenos.
   182 | D        | Found a snail-covered altar of Cheibriados.
   183 | D        | Found a radiant altar of Vehumet.
   183 | D        | Found a corrupted altar of Lugonu.
   184 | D        | Found an ancient bone altar of Kikubaaqudgha.
   184 | D        | Found a hide-covered altar of Uskayaw.
   184 | D        | Found a broken altar of Ashenzari.
   185 | D        | Became a worshipper of Sif Muna the Loreminder
   196 | D        | Reached skill level 5 in Unarmed Combat
   359 | D        | Reached * piety under Sif Muna
   382 | D        | Noticed a wight
   382 | D        | Noticed a wight
   382 | D        | Noticed a wight
   391 | D        | Slain by a wight

Illustrated notes

Levels and vault maps discovered:
D:        pitsprint [storerooms_1, entrance_room_1, metal_vault_2, armoury_2,
          mini_pit_1, grid_room_1, main_hall_1, silver_pit, the_coven_3,
          the_vestibule_1, steel_vault_1, golden_pit, hallway_of_sentries,
          crystal_vault_1, iron_vault_5, final_vault]

Skill      XL: |  1  2 |
---------------+-------+-----
Dodging        | 3 |  3.2
Unarmed Combat | 4 5 |  5.6
Transmutations | 3 |  3.4
Fighting       | |  1.1
Spellcasting   | |  2.5

Action                   || total
-------------------------++-------
Melee: Unarmed           ||    22
       Punch             ||     1
 Cast: Beastly Appendage ||     2
Armor: Robe              ||     2
Dodge: Dodged            ||    14

Table legend: (Time is in decaauts)
 A = Elapsed time spent in this place.
 B = Non-inter-level travel time spent in this place.
 C = Inter-level travel time spent in this place.
 D = Time resting spent in this place.
 E = Time spent auto-exploring this place.
 F = Levels seen in this place.
 G = Mean time per level.
                   A        B        C        D        E       F      G
               +--------+--------+--------+--------+--------+-----+--------+
         Total |    389 |    389 |      0 |    302 |      0 |   1 |  389.0 |
       Dungeon |    389 |    389 |      0 |    302 |      0 |   1 |  389.0 |
               +--------+--------+--------+--------+--------+-----+--------+

Top non-repeatable levels by time:
       D: 389 daAuts
